 Dungeon Crawl Stone Soup version 0.31.0-11-ge490571c62 (webtiles) character file.

Game seed: 6270918933853123320

8830 shadizar the Fighter (level 11, -9/85 HPs)
             Began as a Djinni Fire Elementalist on Jan 27, 2024.
             Was a Priest of Makhleb.
             Mangled by a sixfirhy (12 damage)
             ... summoned by an obsidian statue
             ... in a volcano.
             The game lasted 00:21:43 (10729 turns).

shadizar the Fighter (Djinni Fire Elementalist)    Turns: 10729, Time: 00:21:44

Health: -9/85      AC:  8    Str:  7    XL:     11   Next: 63%
Gold:   739        EV: 14    Int: 27    God:    Makhleb [***...] SH:  0 Dex: 14

rFire   + + .        i - staff of earth
rCold   x . .        (no shield)
rNeg    . . .        w - +0 acid dragon scales
rPois   ∞            (no helmet)
rElec   .            (no cloak)
rCorr   +            f - +0 pair of gloves
SInv    .            (boots unavailable)
Will    +....        (no amulet)
Stlth   +            s - +6 ring of intelligence
HPRegen 0.34/turn    q - ring of resist corrosion
MPRegen 0.00/turn

%: infuse magic (-10 HP)
@: flying
A: sickness immunity, fire resistance 2, cold vulnerability 1, float, innate
caster, HP casting, extra vitality 1
a: Renounce Religion, Minor Destruction, Lesser Servant of Makhleb


You were in a volcano.
You worshipped Makhleb.
Makhleb was most pleased with you.
You visited 3 branches of the dungeon, and saw 11 of its levels.
You also visited: Sewer and Volcano.

You collected 739 gold pieces.

Inventory:

Armour
 a - a +1 robe
 f - a +0 pair of gloves (worn)
 w - +0 acid dragon scales (worn)
Magical Staves
 i - a staff of earth (weapon)
Jewellery
 q - a ring of resist corrosion (right hand)
 s - a +6 ring of intelligence (left hand)
Wands
 e - a wand of flame (27)
 g - a wand of roots (12)
Scrolls
 c - 6 scrolls of teleportation
 d - a scroll of amnesia
 m - 2 scrolls of enchant armour
 t - 2 scrolls of blinking
 u - a scroll of fear
Potions
 b - a potion of invisibility
 h - 2 potions of curing
 j - a potion of haste
 k - a potion of magic
 l - a potion of resistance
 n - 2 potions of mutation
 o - 3 potions of heal wounds
 p - 2 potions of might
 v - a potion of lignification
 x - a potion of ambrosia


   Skills:
 + Level 9.7 Fighting
 + Level 4.3 Armour
 + Level 9.2 Dodging
 - Level 1.5 Stealth
 * Level 9.3 Spellcasting
 * Level 9.3 Conjurations
 * Level 9.3 Hexes
   Level 0.0 Charms
 * Level 9.3 Summonings
 * Level 9.3 Necromancy
 * Level 9.3 Translocations
   Level 0.0 Transmutations
 * Level 9.3 Fire Magic
 * Level 9.3 Ice Magic
 * Level 9.3 Air Magic
 * Level 9.3 Earth Magic
 * Level 9.3 Alchemy


You knew the following spells:

 Your Spells              Type           Power      Damage    Failure   Level
a - Foxfire               Conj/Fire      100%       2x1d9     1%          1
b - Scorch                Fire           100%       2d9       1%          2
c - Volatile Blastmotes   Fire/Tloc      100%       2d18      1%          3
d - Inner Flame           Hex/Fire       58%        N/A       1%          3
e - Flame Wave            Conj/Fire      58%        2d14      1%          4
f - Kiss of Death         Conj/Necr      100%       2d13      1%          1
g - Ensorcelled Hibernat  Hex/Ice        100%       N/A       1%          2
h - Summon Ice Beast      Ice/Summ       58%        N/A       1%          3
i - Airstrike             Air            29%        2d(5-21)  1%          4
j - Sticky Flame          Fire/Alch      58%        2d10      1%          4
Your spell library was empty.

Dungeon Overview and Level Annotations

Branches:
Dungeon (9/15)             Temple (1/1) D:6             Orc (1/2) D:9
  Sewer (visited)         Volcano (1/1)
   Lair: D:8-11

Altars:
Ashenzari
Cheibriados
Dithmenos
Elyvilon
Fedhas
Gozag
Hepliaklqana
Makhleb
Nemelex Xobeh
Okawaru
Qazlal
Ru
Trog
Uskayaw
Wu Jian
Xom
Yredelemnul
Zin
The Shining One

Shops:
D:3 ?   D:4 *   D:5 (

Annotations:
D:4 3 runed translucent doors, heinrich's ghost, weakling DsDe
D:8 2 transporters
D:9 3 runed translucent doors, nms23's ghost, novice MiBe Volcano exclusion: obsidian statue


Innate Abilities, Weirdness & Mutations

You are immune to sickness and miasma.
You are immune to poison.
Your flesh is very heat resistant. (rF++)
You are vulnerable to cold. (rC-)
You float through the air rather than walking.
You learn spells naturally, not from books.
Your magical power is your life essence.
You have superior vitality. (+4 MHP)


Message History

The air twists around and strikes the obsidian statue!
The obsidian statue is moderately damaged.
You hear a roar!
The obsidian statue's eyes glow briefly.
Casting: Airstrike (dangerous; 1% risk of failure)
Confirm with . or Enter, or press ? or * to list all spells.
Aiming: Airstrike (dangerous; 1% risk of failure)
Press: ? - help, Dir - move target, f - sixfirhy
Aim: a sixfirhy (summoned, empty space bonus: 5/8)
The air twists around and strikes the sixfirhy!!
The sixfirhy is heavily wounded.
Unknown command.
Casting: Airstrike (dangerous; 1% risk of failure)
Confirm with . or Enter, or press ? or * to list all spells.
A chill wind blows around you. The sixfirhy closely misses you.
The sixfirhy hits you. The sixfirhy shocks you!
A lindwurm comes into view.
Unknown command.
You swap places.
Your ice beast hits the sixfirhy.
Your ice beast freezes the sixfirhy!!
The sixfirhy hits your ice beast! The sixfirhy shocks your ice beast!
Your ice beast misses the sixfirhy.
The sixfirhy hits your ice beast! The sixfirhy shocks your ice beast!
The sixfirhy hits your ice beast!
Your ice beast dies!
Your ice beast disappears in a puff of smoke!
The sixfirhy hits you. The sixfirhy shocks you!
There is an open door here.
The sixfirhy hits you. The sixfirhy shocks you!
The sixfirhy hits you but does no damage.
The sixfirhy hits you. The sixfirhy shocks you!
* * * LOW HITPOINT WARNING * * *
The sixfirhy attacks as it pursues you! The sixfirhy hits you.
* * * LOW HITPOINT WARNING * * *
The sixfirhy shocks you!
* * * LOW HITPOINT WARNING * * *
The sixfirhy hits you.
* * * LOW HITPOINT WARNING * * *
The sixfirhy shocks you!
You die...

...≈§≈§≈≈≈≈§≈§§§§§≈..#
...§§≈≈§≈≈≈≈≈§§§§§§..#
#.....≈≈≈≈§§§≈§§≈≈≈..#
#......≈≈≈≈≈≈§§≈§≈...#
####...§≈≈≈§≈§≈≈....##
##...§≈≈≈≈≈÷.§...#
##....≈≈≈÷......#
#....≈≈.......##
##..§.§§.##@..#
##.....###838#
##...#.###.## ##..###
#.# #### #'#
########.# #∩......3#
#####....# #.......#


You could see a sun demon (summoned) and a sixfirhy (summoned).

Vanquished Creatures
  A hell hog (Volcano)
  3 hornets
  A vampire (D:9)
  A wyvern (D:9)
  Eustachio (D:4)
  7 fire bats (Volcano)
  2 steam dragons
  2 acid dragons
  2 water moccasins
  2 hell hounds (Volcano)
  5 orc warriors
  2 elephant zombies (D:7)
  A phantom (D:5)
  6 kobold brigands
  Blork the orc (D:6)
  4 bullfrogs
  3 scorpions
  7 wights
  A killer bee (D:7)
  2 howler monkeys (D:8)
  5 lava snakes (Volcano)
  A human zombie (D:7)
  A centaur zombie (D:7)
  4 orc priests
  2 bombardier beetles
  3 hounds (D:5)
  2 jellies
  Terence (D:2)
  A sleepcap (D:6)
  2 iguanas
  9 orc wizards
  2 scorpion zombies (D:7)
  2 hound zombies (D:7)
  2 howler monkey zombies (D:7)
  4 gnolls (D:6)
  2 adders (Sewer)
  4 river rats (Sewer)
  A shadow imp (D:7)
  2 ufetubi (D:6)
  2 adder zombies (D:7)
  2 dart slugs
  6 ribbon worms
  35 orcs
  12 ball pythons
  A bat (D:3)
  3 endoplasms
  5 giant cockroaches
  3 goblins
  6 hobgoblins
  6 jackals
  26 kobolds
  6 quokkas
  4 frilled lizards
  21 rats
  A butterfly (D:6)
243 creatures vanquished.

Vanquished Creatures (collateral kills)
  A two-headed ogre (D:8)
  A fire bat (Volcano)
  3 yaks (D:9)
  An orc warrior (D:6)
  A black bear (D:4)
  A centaur (D:9)
  An ogre (Orc:1)
  An elf zombie (D:7)
  A gnoll sergeant (D:6)
  A wight (D:7)
  3 killer bees (D:7)
  A hound (D:6)
  2 orc priests (D:9)
  An orc wizard (D:9)
  A scorpion zombie (D:7)
  A sleepcap (D:6)
  6 orcs
  6 foxfires
33 creatures vanquished.

Vanquished Creatures (others)
  A killer bee zombie (D:7)
  1282 foxfires
1283 creatures vanquished.

Grand Total: 1559 creatures vanquished

Notes
Turn   | Place    | Note
-------+----------+-------------------------------------------
     0 | D:1      | shadizar the Djinni Fire Elementalist began the quest for
                  | the Orb.
     0 | D:1      | shadizar set off with the following spells memorised:
                  | Foxfire, Scorch, Volatile Blastmotes, Inner Flame, Flame
                  | Wave.
     0 | D:1      | Reached XP level 1. HP: 15/15 MP: 0/0
   200 | D:1      | You are sucked into a shaft and drop 1 floor!
   221 | D:2      | Reached XP level 2. HP: 19/22 MP: 0/0
   224 | D:2      | Reached skill level 1 in Fighting
   324 | D:2      | Reached XP level 3. HP: 4/27 MP: 0/0
   324 | D:2      | Learned a level 1 spell: Kiss of Death
   612 | D:2      | Noticed Terence
   621 | D:2      | Killed Terence
   622 | D:2      | Reached XP level 4. HP: 22/34 MP: 0/0
   771 | D:2      | Found a faded altar of an unknown god.
   948 | D:3      | Reached XP level 5. HP: 35/40 MP: 0/0
   948 | D:3      | Learned a level 2 spell: Ensorcelled Hibernation
   992 | D:3      | Found Vowkab's Magic Scroll Emporium.
  1347 | D:3      | Found a glowing drain.
  1351 | Sewer    | Entered a sewer
  1413 | Sewer    | Noticed a kobold brigand
  1413 | Sewer    | Noticed a kobold brigand
  1418 | Sewer    | Killed a kobold brigand
  1419 | Sewer    | Reached XP level 6. HP: 39/47 MP: 0/0
  1831 | Sewer    | Reached XP level 7. HP: 18/48 MP: 0/0
  1831 | Sewer    | Learned a level 3 spell: Summon Ice Beast
  1972 | Sewer    | Reached skill level 5 in Fighting
  1972 | Sewer    | Reached skill level 5 in Spellcasting
  1972 | Sewer    | Reached skill level 5 in Conjurations
  1972 | Sewer    | Reached skill level 5 in Hexes
  1972 | Sewer    | Reached skill level 5 in Summonings
  1972 | Sewer    | Reached skill level 5 in Necromancy
  1972 | Sewer    | Reached skill level 5 in Translocations
  1972 | Sewer    | Reached skill level 5 in Fire Magic
  1972 | Sewer    | Reached skill level 5 in Ice Magic
  1972 | Sewer    | Reached skill level 5 in Air Magic
  1972 | Sewer    | Reached skill level 5 in Earth Magic
  1972 | Sewer    | Reached skill level 5 in Alchemy
  2367 | D:3      | Found a shadowy altar of Dithmenos.
  2516 | D:3      | Found a basalt altar of Yredelemnul.
  2771 | D:4      | Found a runed translucent gate.
  2771 | D:4      | Found a runed translucent gate.
  2771 | D:4      | Found a runed translucent gate.
  2785 | D:4      | Noticed heinrich's ghost (weakling DsDe)
  3204 | D:4      | Found Axero's CLEARANCE SALE!.
  3487 | D:4      | Noticed Eustachio
  3496 | D:4      | Killed Eustachio
  3497 | D:4      | Reached XP level 8. HP: 52/61 MP: 0/0
  3694 | D:5      | Entered Level 5 of the Dungeon
  4249 | D:5      | Identified the +1 scimitar of Res Nullius {flame, rPois
                  | Str+3 Stlth+}
  4410 | D:5      | Found Zycli's Weapon Shop.
  4818 | D:6      | Found a staircase to the Ecumenical Temple.
  4861 | Temple   | Entered the Ecumenical Temple
  4876 | Temple   | Became a worshipper of Makhleb the Destroyer
  4976 | D:6      | Noticed Blork the orc
  4981 | D:6      | Reached skill level 5 in Dodging
  4983 | D:6      | Killed Blork the orc
  4984 | D:6      | Reached XP level 9. HP: 51/67 MP: 0/0
  4984 | D:6      | Learned a level 4 spell: Airstrike
  5163 | D:6      | Found a shimmering altar of Xom.
  6002 | D:7      | Noticed a hornet
  6005 | D:7      | Killed a hornet
  6005 | D:7      | Reached * piety under Makhleb
  6188 | D:7      | Found an iron altar of Okawaru.
  6231 | D:7      | Reached XP level 10. HP: 34/76 MP: 0/0
  6774 | D:7      | Reached ** piety under Makhleb
  7206 | D:7      | Found a basalt altar of Yredelemnul.
  8146 | D:8      | Found a transporter.
  8159 | D:8      | Noticed a death yak
  8162 | D:8      | Noticed a death yak
  8264 | D:8      | Noticed a death yak
  8468 | D:8      | Found an opulent altar of Gozag.
  8486 | D:8      | Reached skill level 1 in Armour
  8515 | D:8      | Noticed a two-headed ogre
  8521 | D:8      | Killed a two-headed ogre
  8617 | D:8      | Found a transporter.
  8765 | D:9      | Noticed a kobold demonologist
  8766 | D:9      | Found a runed translucent gate.
  8766 | D:9      | Found a runed translucent gate.
  8766 | D:9      | Noticed nms23's ghost (novice MiBe)
  8767 | D:9      | Found a runed translucent gate.
  8769 | D:9      | Noticed a kobold demonologist
  8823 | D:9      | Found a sparkling altar of Nemelex Xobeh.
  8847 | D:9      | Reached XP level 11. HP: 61/84 MP: 0/0
  8847 | D:9      | Learned a level 4 spell: Sticky Flame
  9077 | D:9      | Reached *** piety under Makhleb
  9330 | D:9      | Found a staircase to the Orcish Mines.
  9763 | D:9      | Found a blossoming altar of Fedhas.
 10034 | Orc:1    | Entered Level 1 of the Orcish Mines
 10077 | Orc:1    | Found a dark tunnel.
 10149 | Volcano  | Entered a volcano
 10407 | Volcano  | Noticed a hell hog
 10426 | Volcano  | Killed a hell hog
 10712 | Volcano  | Found a bloodstained altar of Trog.
 10717 | Volcano  | Noticed an obsidian statue
 10719 | Volcano  | Noticed a sixfirhy
 10720 | Volcano  | Noticed a sun demon
 10721 | Volcano  | Noticed a lindwurm
 10729 | Volcano  | HP: 4/85 [sixfirhy[an obsidian statue] (12)]
 10729 | Volcano  | Mangled by a sixfirhy

Illustrated notes

Levels and vault maps discovered:
D:1:      dpeg_arrival_more_subterranean_lakeside_camping, layout_loops_ring
D:2:      layout_rooms, shapermc_ecumenical_altar_gd, glass_columns_b,
          uniq_terence
D:3:      layout_loops_ring, nicolae_dithmenos_the_darkroom,
          mainiacjoe_overflow_cross_hatched, gup_sewer_entry_spiral,
          serial_shops, shop
D:4:      layout_basic, gammafunk_ghost_necromancy, grunt_decor_mini_mirrors,
          minmay_misc_feat_rows, nicolae_shop_clearance, uniq_eustachio
D:5:      layout_layer_cave, serial_shops, nicolae_shop_bloodbath_and_beyond
D:6:      layout_cave_pools, mainiacjoe_overflow_concentric_impassable,
          minmay_temple_entry_butterflies, uniq_blork_the_orc
D:7:      layout_loops_corners, nicolae_overflow_crystal_walls,
          roadster_capsule_ark_zombie
D:8:      gammafunk_steamed_eel, layout_basic, old_standard_altar,
          mainiacjoe_overflow_tiny_flanked, dpeg_lair_monsters
D:9:      layout_loops_ring, mainiacjoe_overflow_boulevard,
          nicolae_overflow_hidden_temple, lemuel_tele_altar,
          minmay_orc_entry_temple_small, gammafunk_ghost_nasty_kobolds
Temple:   cyrus_circular_temple
Orc:1:    layout_caves, basic_altar, nicolae_volcano_entry_s_turn,
          minmay_orc_barracks
Volcano:  volcano_grotto [vgs_statue_spotlight]

Skill      XL: |  1  2  3  4  5  6  7  8  9 10 11 |
---------------+----------------------------------+-----
Fighting       | 1 2 3 4 5 6 7 9 |  9.7
Spellcasting   | 4 5 6 7 8 9 |  9.3
Conjurations   | 4 5 6 7 8 9 |  9.3
Hexes          | 4 5 6 7 8 9 |  9.3
Summonings     | 4 5 6 7 8 9 |  9.3
Necromancy     | 4 5 6 7 8 9 |  9.3
Translocations | 4 5 6 7 8 9 |  9.3
Fire Magic     | 4 5 6 7 8 9 |  9.3
Ice Magic      | 4 5 6 7 8 9 |  9.3
Air Magic      | 4 5 6 7 8 9 |  9.3
Earth Magic    | 4 5 6 7 8 9 |  9.3
Alchemy        | 4 5 6 7 8 9 |  9.3
Dodging        | 3 5 6 8 9 |  9.2
Armour         | 2 4 |  4.3
Stealth        | |  1.5

Action                     |  1- 3 |  4- 6 |  7- 9 | 10-12 || total
---------------------------+-------+-------+-------+-------++-------
  Melee: Staff             |       |     1 |       |     2 ||     3
         Punch             |       |       |       |     1 ||     1
   Cast: Foxfire           |    73 |   129 |   292 |   274 ||   768
         Scorch            |     5 |     8 |     7 |    22 ||    42
         Kiss of Death     |       |     4 |     1 |       ||     5
         Ensorcelled Hiber |       |     1 |       |       ||     1
         Summon Ice Beast  |       |       |    10 |    19 ||    29
         Airstrike         |       |       |    15 |    83 ||    98
         Volatile Blastmot |       |       |       |     1 ||     1
    Use: Scroll            |       |       |    15 |     6 ||    21
 Armour: Robe              |     1 |     6 |    32 |    27 ||    66
         Acid dragon scale |       |       |       |    40 ||    40
  Dodge: Dodged            |     3 |     6 |    36 |    53 ||    98
